 Dungeon Crawl Stone Soup version 0.27.1-37-g7b29ead8ac (webtiles) character file.

Game seed: 15572911573889596898

708 MrBoozer the Poker (level 7, -5/41 HPs)
             Began as an Octopode Conjurer on May 27, 2023.
             Slain by a wraith (12 damage)
             ... in an ossuary.
             The game lasted 00:26:11 (3935 turns).

MrBoozer the Poker (Octopode Conjurer)              Turns: 3935, Time: 00:26:12

Health: -5/41      AC:  1    Str:  6    XL:     7   Next: 67%
Magic:  2/10       EV: 13    Int: 23    God:
Gold:   98         SH:  0    Dex: 10    Spells: 7/10 levels left

rFire    . . .     SeeInvis .   e - +6 spear (flame)
rCold    . . .     Faith    .   (no shield)
rNeg     . . .     Spirit   .   (helmet restricted)
rPois    .         Reflect  .   d - amulet of regeneration
rElec    .         Harm     .   (no ring)
rCorr    .         Rampage  .   (no ring)
Will     .....                  (no ring)
Stlth    +++.......             (no ring)
HPRegen  1.13/turn              (no ring)
MPRegen  0.12/turn              (no ring)
                                (no ring)
                                (no ring)

@: slowed, very slow
A: almost no armour, amphibious, 8 rings, camouflage 1, gelatinous body 1,
(nimble swimmer 1), tentacles
a: no special abilities


You were in an ossuary.
You visited 1 branch of the dungeon, and saw 5 of its levels.
You also visited: Ossuary.

You collected 98 gold pieces.

Inventory:

Hand Weapons
 e - a +6 spear of flaming (weapon)
Jewellery
 d - an amulet of regeneration (around mantle)
Wands
 g - a wand of paralysis (8)
 k - a wand of charming (9)
Scrolls
 b - a scroll of enchant armour {unknown}
 i - a scroll of identify
Potions
 a - 2 potions of invisibility {unknown}
 c - a potion of mutation
 h - a potion of heal wounds {unknown}
 j - a potion of brilliance {unknown}
 l - a potion of ambrosia {unknown}


   Skills:
 - Level 0.2 Maces & Flails
 * Level 7.4 Polearms
 - Level 2.0 Dodging
 - Level 2.7 Stealth
 - Level 2.1 Spellcasting
 - Level 5.0 Conjurations


You had 7 spell levels left.
You knew the following spells:

 Your Spells              Type           Power      Damage    Failure   Level
a - Magic Dart            Conj           100%       1d8       1%          1
b - Searing Ray           Conj           50%        3d5       2%          2

Your spell library contained the following spells:

 Spells                   Type           Power      Damage    Failure   Level
 Dazzling Flash           Conj/Hex       26%        N/A       14%         3
 Passwall                 Tmut/Erth      1%         N/A       19%         2
 Slow                     Hex            2%         N/A       19%         2
 Confusing Touch          Hex            2%         N/A       36%         3
 Gell's Gravitas          Tloc           1%         N/A       36%         3
 Lesser Beckoning         Tloc           1%         N/A       36%         3
 Swiftness                Air            2%         N/A       36%         3
 Teleport Other           Tloc           2%         N/A       36%         3
 Vampiric Draining        Necr           1%         2d6       36%         3
 Fulminant Prism          Conj/Hex       6%         3d7       41%         4
 Iskenderun's Mystic Bla  Conj/Tloc      13%        2d5       41%         4
 Invisibility             Hex            1%         N/A       100%        6


Dungeon Overview and Level Annotations

Branches:
Dungeon (6/15)             Temple (0/1) D:6         Ossuary (1/1)

Altars:
Makhleb
Xom


Innate Abilities, Weirdness & Mutations

You cannot wear most types of armour.
You are amphibious.
You can wear up to eight rings at the same time.
Your skin changes colour to match your surroundings (Stealth+).
Your rubbery body absorbs attacks. (AC +1, EV +1)
((You are camouflaged near water. (Stealth+)))
You have tentacles for arms and can constrict up to eight enemies at once.


Message History

The wraith hits you!
Really quaff the potion of mutation?
Okay, then.
You hit the wraith but do no damage. Your squeeze misses the wraith.
The wraith is moderately damaged.
The wraith closely misses you.
You barely miss the wraith.
The wraith is moderately damaged.
The wraith hits you!
You barely miss the wraith.
The wraith is moderately damaged.
The wraith barely misses you. x2
You closely miss the wraith. Your squeeze misses the wraith.
The wraith is moderately damaged.
The wraith hits you!
* * * LOW HITPOINT WARNING * * *
The wraith drains your vigour!
You feel as though you will be slow longer.
Okay, then.
Casting: Searing Ray (safe; 2% risk of failure)
Confirm with . or Enter, or press ? or * to list all spells.
Aiming: Searing Ray (safe; 2% risk of failure)
Press: ? - help, Shift-Dir - straight line, f/p - wraith
Aim: a wraith (moderately damaged, 79% to hit)
The searing ray hits the wraith.
The wraith is heavily damaged. (Press . to maintain the ray.)
The wraith barely misses you.
The searing ray hits the wraith!
The wraith is severely damaged.
The wraith barely misses you. The wraith hits you!
* * * LOW HITPOINT WARNING * * *
The searing ray hits the wraith.
The wraith is severely damaged.
The wraith hits you.
* * * LOW HITPOINT WARNING * * *
The searing ray hits the wraith but does no damage.
The wraith is severely damaged.
You finish channeling your searing ray.
The wraith hits you!
You die...

#....##...##...##...##....#
#....#...##...!.##...#....#
#....+...#..?!.!.#...'....#
#....#...##.?.!.##...#....#
#....##...##...##...##....#
#.....##...#####...##.....#
#......##.........##......#
#.......#####'#####.......#
#.∩.......@W............∩.#
#.........................#
############'''############
####...#### #..'...'..#
#.?#...#..# ####...####
#...# #...#


You could see a wraith.

Vanquished Creatures
  A sky beast (D:3)
  A necrophage (D:5)
  3 elf zombies (D:5)
  An elf skeleton (D:5)
  A centaur skeleton (D:6)
  An iguana (D:6)
  An orc wizard (D:6)
  A scorpion zombie (D:3)
  A mummy (Ossuary)
  4 gnolls (D:3)
  A howler monkey zombie (D:6)
  An adder (D:2)
  A white imp (D:5)
  A worm (D:2)
  8 orcs
  7 bats
  9 endoplasms
  4 giant cockroaches
  5 goblins
  7 hobgoblins
  5 ball pythons
  5 frilled lizards
  5 gnoll skeletons (Ossuary)
  8 kobolds
  6 kobold skeletons (Ossuary)
  11 orc skeletons
  An orc zombie (D:5)
  6 rats
106 creatures vanquished.

Notes
Turn   | Place    | Note
-------+----------+-------------------------------------------
     0 | D:1      | MrBoozer the Octopode Conjurer began the quest for the Orb.
     0 | D:1      | Reached XP level 1. HP: 11/11 MP: 3/3
   458 | D:1      | Reached XP level 2. HP: 17/17 MP: 3/5
   547 | D:1      | Found a faded altar of an unknown god.
   913 | D:1      | Reached XP level 3. HP: 21/21 MP: 6/6
   928 | D:1      | Learned a level 2 spell: Searing Ray
  1730 | D:2      | Reached skill level 5 in Conjurations
  1840 | D:2      | Reached skill level 1 in Polearms
  2045 | D:2      | Reached XP level 4. HP: 27/27 MP: 7/7
  2387 | D:3      | Reached skill level 2 in Polearms
  2480 | D:3      | Reached skill level 3 in Polearms
  2652 | D:3      | Reached XP level 5. HP: 31/31 MP: 5/8
  2835 | D:3      | Noticed a sky beast
  2846 | D:3      | Killed a sky beast
  2847 | D:3      | Reached skill level 4 in Polearms
  2847 | D:3      | Reached XP level 6. HP: 18/36 MP: 1/9
  3004 | D:3      | You fall into a shaft and drop 3 floors!
  3041 | D:6      | Reached skill level 5 in Polearms
  3046 | D:6      | Found a staircase to the Ecumenical Temple.
  3092 | D:5      | Entered Level 5 of the Dungeon
  3108 | D:5      | Found a shimmering altar of Xom.
  3108 | D:5      | Found a burning altar of Makhleb.
  3243 | D:5      | Noticed a necrophage
  3249 | D:5      | Killed a necrophage
  3250 | D:5      | Reached skill level 6 in Polearms
  3453 | D:5      | Reached XP level 7. HP: 27/41 MP: 1/10
  3481 | D:5      | Found a sand-covered staircase.
  3510 | D:5      | Reached skill level 7 in Polearms
  3540 | Ossuary  | Entered an ossuary
  3540 | Ossuary  | Noticed a wraith
  3540 | Ossuary  | Noticed a wraith
  3540 | Ossuary  | Noticed a wraith
  3791 | Ossuary  | Noticed a wraith
  3935 | Ossuary  | Slain by a wraith

Illustrated notes

Levels and vault maps discovered:
D:1:      dpeg_arrival_round_a, layout_basic,
          ebering_ecumenical_altar_abandoned, minmay_quantized
D:2:      layout_loops_ring, dk_noncrumbling_4, glass_columns_b
D:3:      layout_basic
D:5:      layout_loops_ring, grunt_temple_overflow_champion_of_chaos,
          nicolae_ossuary_entry_catacombs
D:6:      layout_basic, minmay_temple_entry_waves, serial_shops, shop
Ossuary:  ossuary_due_mausoleum

Skill      XL: |  1  2  3  4  5  6  7 |
---------------+----------------------+-----
Conjurations   | 5 |  5.0
Polearms       | 1 3 4 6 7 |  7.4
Maces & Flails | |  0.2
Dodging        | |  2.0
Stealth        | |  2.7
Spellcasting   | |  2.1

Action                   |  1- 3 |  4- 6 |  7- 9 || total
-------------------------+-------+-------+-------++-------
Melee: Unarmed           |    22 |       |       ||    22
       Constrict         |     8 |     9 |    13 ||    30
       Tentacles         |     6 |     4 |     8 ||    18
       Whip              |     8 |       |       ||     8
       Spear             |    22 |    50 |    57 ||   129
Throw: Throwing net      |       |     4 |       ||     4
 Cast: Magic Dart        |    36 |    35 |       ||    71
       Searing Ray       |       |    13 |    13 ||    26
  Use: Scroll            |     6 |     1 |     2 ||     9
       Potion            |       |     2 |       ||     2
 Stab: Sleeping          |     8 |     2 |     2 ||    12
       Held in net/web   |       |     1 |       ||     1
       Distracted        |       |       |     1 ||     1
Armor: Skin              |     6 |     4 |     6 ||    16
Dodge: Dodged            |    34 |    25 |    25 ||    84
